Map: King's Cove LE

Players

Borsti - Winner!

  • Race: Terran Terran
  • League: Diamond
  • Spawn Location: 5:00

MrBurns

  • Race: Zerg Zerg
  • League: Master
  • Spawn Location: 11:00

VOD

Have the link to the VOD?

Description

Time

  • Played on: Feb. 8, 2019, 5:21 p.m.
  • Length: 31:16
Show
View Real Time Build Order
Export as new Build Order

Borsti Terran - Winner!

Build Orders: Reaper Expand 

Get SALT Encoding   

  12  0:00  SCV  
  13  0:13  SCV  
  14  0:18  Supply Depot  
  14  0:25  SCV  
  15  0:39  SCV  
  15  0:41  Barracks  
  16  0:47  Refinery  
  16  0:51  SCV  
  17  1:06  SCV  
  18  1:18  SCV  
  19  1:30  Reaper  
  21  1:34  Orbital Command  
  20  1:45  Command Center  
  20  2:00  Barracks  
  20  2:08  Supply Depot  
  20  2:10  SCV  
  21  2:19  Barracks Reactor  
  21  2:31  Factory  
  20  3:03  Barracks Tech Lab, SCV  
  21  3:07  Orbital Command  
  21  3:15  SCV  
  21  3:17  Supply Depot  
  22  3:27  SCV  
  22  3:30  Hellion x2  
  22  3:31  Barracks Reactor  
  22  3:32  Stimpack, Marine  
  28  3:35  SCV  
  28  3:39  SCV  
  30  3:48  SCV  
  30  3:51  SCV  
  30  3:55  Marine  
  32  3:57  Hellion x2  
  32  4:01  SCV  
  37  4:03  SCV  
  37  4:06  Refinery  
  37  4:08  Marine x2  
  40  4:12  Supply Depot  
  40  4:13  Marine  
  40  4:14  SCV  
  40  4:15  SCV  
  43  4:22  Hellion  
  43  4:23  Hellion  
  47  4:27  SCV x2  
  47  4:28  Starport  
  49  4:33  Marine  
  49  4:34  Marine x2  
  52  4:39  SCV x2  
  52  4:43  Supply Depot  
  54  4:50  Hellion x2  
  54  4:51  Marine, SCV  
  54  4:52  Marine, SCV  
  62  5:05  Medivac, SCV x2  
  62  5:06  Supply Depot  
  66  5:12  Supply Depot  
  68  5:17  SCV x2  
  68  5:19  Armory, Marine  
  68  5:20  Marine  
  70  5:27  Marine  
  70  5:28  Hellion x2  
  75  5:34  Combat Shield  
  75  5:35  Medivac  
  77  5:46  Command Center  
  77  5:56  Marine  
  77  5:57  Marine x2  
  78  5:58  Hellion x2  
  78  5:59  SCV  
  78  6:00  SCV  
  86  6:12  Refinery  
  86  6:13  Refinery  
  86  6:15  Engineering Bay x2  
  86  6:36  Supply Depot  
  86  6:37  Supply Depot  
  86  6:38  Supply Depot  
  86  6:44  SCV x2  
  70  6:56  Marine x2  
  70  6:57  Marine  
  70  6:58  Hellion x2  
  75  7:03  Terran Vehicle Weapons Level 1  
  75  7:04  Terran Infantry Armor Level 1, Terran Infantry Weapons Level 1  
  75  7:14  Marine x2  
  77  7:19  Starport Reactor  
  77  7:21  Hellion x2  
  80  7:23  Barracks x2  
  80  7:24  Barracks  
  75  7:34  Marine x3  
  68  7:45  Hellion x2  
  72  7:51  Marine  
  72  7:52  Marine x2  
  75  8:00  Orbital Command, Supply Depot  
  75  8:01  Supply Depot  
  75  8:02  Supply Depot  
  75  8:09  Widow Mine x2, Marine  
  75  8:10  Medivac x2, Marine x2  
  75  8:11  SCV  
  75  8:12  SCV  
  88  8:13  Barracks Reactor, Barracks Tech Lab  
  88  8:14  Barracks Reactor  
  88  8:27  Marine x2, SCV x2  
  88  8:28  SCV  
  88  8:29  Refinery  
  88  8:30  Widow Mine  
  88  8:31  Widow Mine  
  97  8:40  Marine  
  97  8:41  Marine  
  99  8:42  Medivac x2  
  99  8:45  Marine  
  99  8:46  Marauder, SCV x3  
  109  8:51  Refinery  
  109  8:52  Widow Mine x2, Marine x3  
  109  8:53  Marine  
  117  8:59  Marauder  
  117  9:01  Marine  
  120  9:07  Marauder  
  122  9:26  Marine x4  
  122  9:27  Marauder, Marine  
  122  9:28  Widow Mine x2  
  122  9:29  Marauder  
  135  9:33  Marine  
  135  9:34  Medivac x2  
  140  9:40  Supply Depot  
  140  9:42  Supply Depot x2  
  140  9:48  Marauder  
  140  9:50  Marauder  
  123  9:59  Marine  
  112  10:00  Marine x4  
  112  10:01  Marine  
  112  10:02  Widow Mine x2  
  120  10:07  Command Center  
  120  10:09  Marauder  
  120  10:11  Marauder  
  124  10:15  Factory  
  124  10:16  Supply Depot x2  
  124  10:17  Terran Infantry Armor Level 2, Terran Infantry Weapons Level 2, Supply Depot, Marine  
  125  10:31  Marauder  
  125  10:32  SCV x3  
  130  10:40  Marauder, Marine x5  
  137  10:43  Medivac  
  137  10:45  Medivac  
  141  10:52  Marauder  
  143  11:02  Marauder  
  116  11:12  Marine x4  
  116  11:13  Marine x2  
  116  11:14  Marauder  
  122  11:21  Widow Mine x2  
  122  11:23  Marauder  
  123  11:30  Marine x3  
  126  11:35  Marauder, Marine  
  126  11:36  Marine x2  
  131  11:44  Marauder  
  133  11:48  Widow Mine x2  
  133  11:51  Factory Tech Lab  
  133  11:53  Refinery  
  137  11:54  Terran Vehicle Weapons Level 2  
  137  11:56  Marauder  
  137  11:57  SCV x3  
  137  11:58  Refinery  
  137  11:59  Planetary Fortress  
  142  12:04  Marine x3  
  142  12:05  Command Center  
  142  12:06  Marauder  
  147  12:12  Marine x3  
  147  12:15  Drilling Claws  
  150  12:18  Marauder  
  150  12:22  Marine x3  
  155  12:23  Widow Mine x2  
  155  12:27  Marauder  
  161  12:30  Marine  
  162  12:45  Marine x4  
  162  12:46  Marauder  
  162  12:49  Marauder  
  157  13:01  Marine x2  
  157  13:02  Widow Mine x2  
  157  13:03  Medivac, Widow Mine, Marine x2  
  165  13:07  Marauder  
  165  13:10  Marauder  
  145  13:19  Marine  
  136  13:28  Marauder, Marine x2  
  136  13:29  Marine  
  136  13:30  SCV x3  
  136  13:31  Marauder  
  137  13:40  Marine  
  137  13:41  Marine x2  
  139  13:46  Marine  
  139  13:47  Marine  
  139  13:48  Marine  
  124  13:49  Widow Mine  
  124  13:50  Marauder  
  124  13:53  Marauder  
  120  13:58  Widow Mine x2, Marine  
  120  13:59  Marine x2  
  127  14:04  Marine  
  128  14:11  Marauder  
  128  14:14  Marauder  
  132  14:33  Marauder  
  132  14:36  Marauder  
  132  14:38  Marine x5  
  137  14:39  Marine  
  137  14:43  Planetary Fortress  
  142  14:52  Terran Vehicle Weapons Level 3, Terran Infantry Weapons Level 3, Terran Infantry Armor Level 3  
  142  14:54  Marauder, Widow Mine x2  
  142  14:55  Medivac x2, Widow Mine  
  142  14:56  Marine x6  
  142  14:57  Marauder  
  142  14:58  SCV x2  
  142  14:59  SCV  
  165  15:10  SCV  
  165  15:13  Marine, Fusion Core, Starport  
  167  15:14  Starport  
  167  15:15  Marauder, Starport  
  167  15:16  Widow Mine  
  167  15:18  Marauder  
  173  15:25  Medivac x2  
  177  15:31  Marine  
  177  15:32  Marine x5  
  183  15:37  Marauder  
  183  15:40  Marauder  
  187  15:49  Marine  
  188  15:50  Widow Mine x2, Marine x2  
  188  15:51  Widow Mine  
  195  15:58  Marauder  
  195  16:01  Marauder  
  195  16:02  Marine x3  
  190  16:07  Marine  
  190  16:09  Concussive Shells  
  191  16:12  Widow Mine  
  193  16:19  Marauder  
  193  16:22  Marauder  
  197  16:27  Marine x4  
  197  16:28  Marine x2  
  197  16:31  Starport Tech Lab, Starport Reactor x2  
  184  16:41  Marauder  
  184  16:44  Marauder, Marine  
  184  16:45  Marine  
  190  17:02  Marauder  
  190  17:05  Marauder  
  194  17:13  Marine, Liberator x3  
  194  17:14  Marine x3, Liberator x2  
  200  17:16  Widow Mine  
  190  17:24  Marauder  
  190  17:27  Marauder, Marine x2  
  190  17:29  Refinery  
  182  17:31  Marine  
  182  17:32  Marine  
  182  17:33  Command Center, Advanced Ballistics  
  198  17:44  Marine  
  198  17:45  Marine  
  190  18:18  Marine x2  
  190  18:19  Marauder x2  
  179  18:20  Viking x5  
  179  18:21  Viking x2  
  193  18:43  Terran Ship Weapons Level 1  
  193  18:44  Weapon Refit  
  193  18:45  Neosteel Armor  
  193  18:50  Viking x3  
  184  19:05  Marauder x2, Marine x3  
  180  19:27  Marauder  
  180  19:28  Marine x2, Viking x3  
  180  19:29  Marauder, Marine x2  
  180  19:47  Marine x2  
  180  19:48  Marauder, Marine x2  
  180  19:50  Marauder  
  182  19:54  Liberator x4  
  182  19:55  Liberator x3  
  168  20:09  Marauder  
  168  20:10  Marine  
  168  20:12  Marauder  
  191  20:16  Marine x3  
  191  20:17  Marine x2  
  173  20:27  Marine  
  168  20:31  Marauder  
  168  20:33  Marauder  
  166  20:35  Planetary Fortress  
  166  20:40  Marine  
  166  20:41  Marine x3  
  170  20:52  Marauder  
  170  20:54  Marauder  
  174  21:08  Viking x4  
  174  21:09  Marine x6, Viking  
  188  21:13  Marauder  
  188  21:16  Marauder  
  189  21:27  Marine  
  189  21:32  Marine x3, Viking x2  
  186  21:33  Marine  
  186  21:35  Marauder  
  186  21:37  Marauder  
  180  21:51  Marine x4  
  180  21:52  Marine x2  
  180  21:53  Widow Mine x2  
  188  21:56  Marauder  
  188  21:59  Marauder  
  190  22:09  Marine x2  
  190  22:10  Medivac x3, Widow Mine  
  200  22:15  Refinery  
  200  22:18  Liberator x3  
  199  22:24  Marine  
  199  22:29  Marine x2  
  182  22:30  Marauder x2, Marine x3  
  182  22:32  Widow Mine x3  
  200  22:51  Marauder  
  200  23:04  Command Center  
  197  23:17  Marine  
  160  24:04  Marine  
  160  24:05  Marine x2  
  160  24:06  Command Center, Marauder x2, Marine  
  160  24:08  Command Center  
  168  24:23  Siege Tank  
  171  24:27  Marauder  
  170  24:49  Marine x2  
  170  24:50  Marauder x2, Marine x2  
  170  24:52  Viking x5  
  191  25:07  Marine x5  
  185  25:08  Widow Mine  
  185  25:11  Marauder  
  185  25:13  Thor  
  185  25:16  Terran Ship Weapons Level 2  
  185  25:21  Armory  
  185  25:22  Armory  
  185  25:26  Missile Turret  
  145  25:54  Marauder, Marine x5  
  145  25:55  Marauder, Marine, Thor  
  145  25:57  Widow Mine x2  
  132  26:11  Marine  
  132  26:12  Marine x2  
  132  26:16  Marauder x2  
  132  26:18  Widow Mine  
  141  26:37  Marauder x2  
  141  26:38  Thor  
  151  26:46  Planetary Fortress  
  151  26:49  Liberator x3  
  151  26:58  Marauder  
  151  26:59  Marauder, Refinery  
  155  27:01  Refinery  
  155  27:03  Marine x5  
  155  27:04  Marine  
  155  27:05  Widow Mine  
  155  27:06  Widow Mine  
  174  27:20  Marauder x2, Marine  
  174  27:21  Marine  
  178  27:26  Marine  
  178  27:27  Marine x3  
  174  27:38  Marine  
  174  27:39  Marine  
  174  27:41  Marauder x2  
  165  27:45  Liberator x7  
  153  27:51  Marine  
  153  27:52  Marine x3  
  153  27:56  Marine x2  
  143  28:00  Widow Mine x2  
  143  28:01  Widow Mine  
  143  28:03  Marauder x2  
  162  28:09  Marine x2  
  162  28:10  Marine x2  
  166  28:14  Marine  
  167  28:24  Marauder x2  
  167  28:26  Marine  
  168  28:27  Marine x3, Liberator x2  
  168  28:28  Marine, Liberator  
  168  28:30  Widow Mine  
  168  28:31  Widow Mine x2  
  168  28:32  Marine  
  179  28:44  Marine  
  179  28:45  Marauder, Marine x2  
  179  28:46  Marauder  
  172  29:07  Marauder x2  
  175  29:12  Viking x2  
  175  29:13  Viking  
  167  29:28  Marauder x2, Marine x2  
  167  29:29  Marine  
  167  29:30  Marine x3  
  143  29:34  Viking  
  143  29:35  Viking x3  
  145  29:42  Viking x2  
  145  29:46  Marine x3  
  145  29:47  Marine  
  145  29:48  Marine x2  
  145  29:50  Marauder x2  
  155  30:01  Widow Mine x3  
  155  30:04  Marine x3  
  155  30:05  Marine x2  
  155  30:06  Marine  
  167  30:11  Marauder x2  
  171  30:19  Medivac x3  
  177  30:22  Marine x3  
  177  30:23  Widow Mine x2, Marine x2  
  177  30:24  Marine  
  187  30:32  Marauder  
  187  30:33  Marauder  
  191  30:39  Marine  
  170  30:54  Marauder x2  
  174  30:57  Marine x2  
  174  30:58  Marine  
Show
View Real Time Build Order
Export as new Build Order

MrBurns Zerg 

Build Orders: Pool First 

Get SALT Encoding   

  12  0:00  Drone  
  13  0:13  Overlord  
  13  0:18  Drone  
  14  0:33  Drone x2  
  16  0:42  Spawning Pool  
  16  0:45  Drone  
  16  0:49  Drone  
  17  1:11  Hatchery  
  16  1:14  Drone  
  17  1:28  Extractor  
  17  1:29  Zergling x2  
  17  1:30  Zergling x4  
  19  1:35  Queen  
  21  1:42  Drone  
  22  1:53  Overlord  
  22  2:11  Queen  
  22  2:14  Drone  
  22  2:15  Drone  
  26  2:28  Drone x2  
  28  2:34  Queen  
  28  2:35  Metabolic Boost  
  29  2:54  Drone x4  
  32  3:01  Drone x3  
  34  3:15  Hatchery  
  33  3:22  Queen  
  33  3:25  Overlord  
  35  3:37  Drone  
  36  3:46  Drone  
  37  3:57  Drone x4  
  37  4:02  Evolution Chamber  
  40  4:05  Evolution Chamber  
  40  4:09  Lair  
  39  4:11  Zergling x2  
  39  4:13  Zergling x2  
  39  4:15  Zergling x2  
  39  4:16  Overlord  
  42  4:27  Baneling Nest  
  42  4:29  Zerg Melee Weapons Level 1  
  42  4:31  Zergling x14  
  42  4:34  Drone  
  42  4:35  Drone x2  
  51  4:41  Drone  
  52  4:47  Queen  
  52  4:48  Drone  
  55  4:56  Spore Crawler  
  54  5:09  Overlord  
  54  5:10  Drone  
  54  5:11  Drone  
  54  5:12  Centrifical Hooks  
  56  5:15  Drone  
  56  5:16  Drone  
  56  5:18  Overlord x2  
  58  5:24  Extractor  
  58  5:25  Drone  
  58  5:26  Drone, Extractor  
  58  5:33  Drone x3  
  58  5:34  Drone  
  62  5:35  Drone  
  62  5:36  Drone  
  62  5:38  Zergling x2  
  62  5:39  Zergling x12  
  71  5:45  Overlord  
  71  5:56  Queen x3  
  77  5:59  Drone  
  77  6:00  Drone x2  
  77  6:02  Spore Crawler  
  78  6:08  Zerg Ground Armor Level 1  
  78  6:11  Drone x4  
  79  6:14  Baneling  
  79  6:15  Baneling x4  
  79  6:16  Baneling  
  81  6:23  Baneling  
  81  6:24  Baneling x2  
  81  6:25  Zergling x4  
  82  6:26  Zergling x6  
  86  6:38  Baneling x2  
  71  6:48  Zergling x24  
  76  6:59  Zergling x2  
  76  7:00  Zergling x12  
  79  7:05  Zergling x2  
  77  7:09  Baneling x3  
  77  7:10  Baneling x2  
  77  7:12  Zergling x2  
  78  7:18  Overlord  
  70  7:36  Hatchery  
  67  7:40  Drone x4  
  67  7:41  Drone x4  
  70  7:45  Queen x2  
  74  7:54  Zerg Melee Weapons Level 2  
  74  7:56  Drone x5  
  79  8:06  Hatchery  
  79  8:10  Hydralisk Den  
  77  8:15  Drone  
  77  8:16  Drone x3  
  81  8:29  Drone x3  
  81  8:30  Overlord x2  
  83  8:35  Baneling  
  83  8:36  Baneling x10  
  83  8:42  Grooved Spines  
  83  8:43  Overlord x2  
  83  8:49  Zergling x2  
  83  8:50  Zergling x2  
  83  8:52  Baneling x5, Hydralisk  
  87  9:01  Queen, Hydralisk  
  87  9:02  Hydralisk x2  
  95  9:07  Zergling x2  
  95  9:09  Baneling x3  
  96  9:10  Zergling x2  
  97  9:17  Hydralisk x2  
  97  9:18  Hydralisk  
  97  9:21  Zergling x8  
  109  9:28  Zergling x2  
  109  9:29  Zergling x2  
  111  9:31  Hydralisk x2  
  111  9:34  Queen  
  115  9:42  Extractor  
  115  9:44  Extractor  
  107  9:53  Muscular Augments  
  100  10:02  Drone x3  
  100  10:03  Drone x2  
  100  10:04  Drone  
  106  10:08  Hatchery  
  106  10:10  Hydralisk  
  106  10:11  Hydralisk x3  
  106  10:12  Extractor, Hatchery  
  111  10:21  Zerg Missile Weapons Level 1  
  111  10:34  Overseer  
  110  10:37  Zergling x12  
  110  10:38  Zergling x8  
  120  10:47  Overlord x2  
  120  10:56  Zergling x4  
  103  11:12  Zergling x2  
  103  11:13  Zergling x20  
  110  11:28  Hydralisk  
  110  11:29  Hydralisk x7  
  126  11:42  Zergling x2  
  126  11:43  Zergling x12  
  126  11:44  Hatchery  
  126  11:45  Baneling  
  126  11:46  Baneling x4  
  132  12:03  Zergling x2  
  132  12:04  Zergling x2, Hatchery  
  132  12:05  Zergling x2  
  132  12:06  Overlord x4  
  134  12:09  Baneling x6  
  134  12:10  Baneling  
  134  12:14  Drone  
  134  12:15  Drone  
  136  12:18  Overlord x3  
  136  12:19  Infestation Pit  
  135  12:24  Zerg Ground Armor Level 2  
  135  12:25  Zerg Missile Weapons Level 2  
  135  12:31  Zergling x2  
  135  12:32  Zergling x22  
  135  12:33  Zergling x2  
  135  12:34  Baneling  
  135  12:35  Baneling x3  
  148  12:40  Zergling x6  
  148  12:59  Overlord  
  148  13:02  Zergling x4  
  148  13:03  Zergling x24  
  140  13:17  Hatchery  
  140  13:18  Zergling x2  
  140  13:19  Zergling x8  
  131  13:37  Zergling x2  
  131  13:38  Zergling x28  
  126  13:53  Zergling x22  
  123  14:01  Baneling x5  
  123  14:02  Baneling x3  
  123  14:05  Hive  
  123  14:11  Drone x4  
  123  14:14  Drone x2  
  129  14:23  Baneling  
  129  14:24  Baneling x10  
  129  14:25  Baneling  
  129  14:26  Baneling x2  
  129  14:27  Baneling  
  129  14:28  Baneling  
  129  14:38  Baneling x12  
  129  14:39  Baneling x3  
  129  14:40  Baneling  
  129  14:52  Spire  
  129  14:54  Zergling x2  
  129  14:55  Zergling x12  
  135  15:17  Hydralisk x8  
  151  15:25  Adrenal Glands  
  151  15:28  Zerg Melee Weapons Level 3  
  151  15:32  Hydralisk  
  151  15:33  Hydralisk  
  152  16:03  Drone x3  
  145  16:06  Corruptor  
  145  16:07  Corruptor x6  
  155  16:17  Greater Spire  
  147  16:37  Hatchery  
  146  16:45  Hatchery  
  145  16:50  Spore Crawler  
  144  16:57  Zergling x18  
  144  16:58  Zergling x10  
  158  17:02  Baneling x2  
  157  17:21  Hatchery  
  151  17:32  Brood Lord x3  
  151  17:33  Brood Lord x3  
  163  17:37  Drone x2  
  163  17:38  Drone  
  163  17:44  Brood Lord  
  167  17:55  Zergling x14  
  174  18:01  Zerg Flyer Weapons Level 1  
  172  18:19  Baneling x3  
  171  18:25  Hydralisk  
  171  18:26  Zergling x2, Hydralisk x6  
  186  18:28  Baneling x2  
  186  18:32  Baneling x2  
  186  18:34  Overseer, Pneumatized Carapace  
  185  18:48  Hydralisk  
  185  18:49  Hydralisk x4  
  185  18:52  Baneling x2  
  185  18:53  Baneling x3  
  186  19:05  Corruptor  
  186  19:06  Corruptor x2  
  181  19:27  Corruptor  
  181  19:28  Corruptor x3  
  189  19:31  Hydralisk x3  
  191  19:41  Overlord x3  
  189  19:48  Corruptor  
  189  19:49  Corruptor  
  189  19:52  Baneling  
  190  19:53  Baneling x9  
  190  19:54  Baneling  
  186  20:05  Zergling x8  
  186  20:06  Zergling x10  
  176  20:26  Hatchery  
  173  20:31  Corruptor  
  173  20:32  Corruptor x2  
  177  20:37  Baneling x5  
  177  20:41  Corruptor  
  179  20:46  Drone  
  179  20:47  Drone x2  
  179  20:48  Drone  
  183  21:11  Corruptor x3  
  181  21:14  Mutalisk  
  151  21:49  Hydralisk  
  151  21:50  Hydralisk x6  
  157  22:05  Overseer x2  
  157  22:06  Zergling x2  
  157  22:07  Zergling x22  
  159  22:37  Hydralisk x2  
  159  22:38  Hydralisk x2  
  159  22:40  Zergling x2  
  159  22:41  Zergling x20, Hatchery  
  177  22:51  Extractor  
  177  22:52  Extractor  
  164  23:13  Spore Crawler  
  149  23:29  Zergling x2  
  149  23:30  Zergling x28  
  122  23:46  Corruptor  
  122  23:47  Corruptor x3  
  127  24:04  Corruptor  
  127  24:07  Baneling  
  127  24:08  Baneling x2  
  129  24:13  Drone x2  
  131  24:20  Zergling x2  
  131  24:21  Zergling x8  
  136  24:42  Corruptor  
  136  24:43  Corruptor  
  138  24:51  Drone x3, Extractor  
  140  24:55  Zergling x2  
  140  24:56  Zergling x14  
  140  24:58  Baneling x2  
  146  25:12  Baneling x3  
  146  25:13  Baneling x4  
  141  25:38  Zergling x2  
  141  25:39  Zergling x28  
  140  25:50  Zergling x4  
  140  25:51  Zergling x4  
  127  26:07  Corruptor x4  
  135  26:14  Zergling x2  
  135  26:15  Zergling x4  
  138  26:33  Baneling  
  138  26:34  Baneling x12  
  138  26:46  Extractor  
  137  26:49  Baneling x3  
  137  26:52  Overseer  
  137  26:54  Drone x3  
  137  27:01  Hatchery  
  139  27:06  Baneling x4  
  139  27:07  Baneling x2  
  136  27:25  Zergling x22  
  136  27:26  Zergling x4  
  140  27:42  Zergling x2  
  140  27:43  Zergling x12  
  129  27:54  Zergling x4  
  129  27:55  Zergling x6  
  120  28:02  Drone x2  
  120  28:04  Zergling x10  
  127  28:11  Brood Lord  
  127  28:12  Brood Lord  
  119  28:28  Baneling x13  
  121  28:34  Brood Lord  
  121  28:37  Zergling x4  
  121  28:38  Zergling x4  
  125  28:41  Drone x2  
  121  29:06  Corruptor x3  
  124  29:18  Zergling x2  
  124  29:19  Zergling x20  
  119  29:30  Zergling x2  
  95  29:31  Zergling x12  
  84  29:40  Hydralisk  
  84  29:41  Hydralisk  
  84  29:44  Baneling x5  
  74  30:02  Corruptor x2  
  75  30:17  Corruptor x2  
  77  30:31  Corruptor  
  62  31:06  Hatchery  
Tags
 
Add a new tag
Caveats
  • Supply blocks, unpowered buildings, or Contaminate may cause inaccurate times.
  • Supply counts are checked every 10 seconds.